 Dungeon Crawl Stone Soup version 0.28.0-53-g5a82cb258f (webtiles) character file.

Game seed: 16694114532601707649

57 fotan the Skirmisher (level 4, 0/73 HPs)
             Began as an Ogre Berserker on Aug 9, 2022.
             Was a Follower of Trog.
             Succumbed to a scorpion's poison
             ... on level 5 of the Dungeon.
             The game lasted 00:07:16 (776 turns).

fotan the Skirmisher (Ogre Berserker)                Turns: 776, Time: 00:07:17

Health: 0/73       AC:  3    Str: 21    XL:     4   Next: 0%
Magic:  4/4        EV: 10    Int:  8    God:    Trog [*.....]
Gold:   29         SH:  0    Dex: 10    Spells: 3/3 levels left

rFire   . . .      SeeInvis .   a - +0 hand axe (vorpal)
rCold   . . .      Faith    .   (no shield)
rNeg    . . .      Spirit   .   b - +0 animal skin
rPois   .          Reflect  .   (helmet restricted)
rElec   .          Harm     .   (no cloak)
rCorr   .          Rampage  .   (gloves unavailable)
Will    .....                   (boots unavailable)
Stlth   ..........              (no amulet)
HPRegen 0.22/turn               (no ring)
MPRegen 0.09/turn               (no ring)

@: berserking, lethally poisoned (0 -> -12), very quick
A: large, unfitting armour, tough skin 1
a: Renounce Religion, Berserk


You were on level 5 of the Dungeon.
You worshipped Trog.
Trog was aware of your devotion.
You visited 1 branch of the dungeon, and saw 4 of its levels.

You collected 29 gold pieces.

Inventory:

Hand Weapons
 a - a +0 vorpal hand axe (weapon)
 d - a +0 flail
Armour
 b - a +0 animal skin (worn)
 c - a +1 leather armour of fire resistance


   Skills:
 + Level 4.7 Fighting
 + Level 3.5 Axes
 + Level 3.5 Dodging


You had 3 spell levels left.
You didn't know any spells.
Your spell library was empty.

Dungeon Overview and Level Annotations

Branches:
Dungeon (3/15)

Altars:


Innate Abilities, Weirdness & Mutations

You are too large for most types of armour.
You have tough skin. (AC +1)


Message History

You have reached level 4!
Things that are here:
a +0 flail; an orc corpse; an adder corpse
d - a +0 flail A scorpion comes into view.
The scorpion stings you.
You closely miss the scorpion. The scorpion stings you.
You are poisoned.
The scorpion poisons you! The scorpion stings you!
You are more poisoned.
The scorpion poisons you!
You hit the scorpion.
The scorpion is moderately wounded.
You feel very sick. The scorpion stings you.
You barely miss the scorpion.
The scorpion is moderately wounded.
You feel very sick. The scorpion stings you!
* * * LOW HITPOINT WARNING * * *
You are lethally poisoned!
The scorpion poisons you!
A red film seems to cover your vision as you go berserk!
You feel yourself moving faster!
You feel mighty!
* * * LOW HITPOINT WARNING * * *
You feel very sick. The scorpion closely misses you. The scorpion stings you.
* * * LOW HITPOINT WARNING * * *
You hit the scorpion but do no damage.
The scorpion is moderately wounded.
* * * LOW HITPOINT WARNING * * *
You feel very sick.
You barely miss the scorpion.
The scorpion is moderately wounded.
* * * LOW HITPOINT WARNING * * *
You feel sick. The scorpion stings you.
* * * LOW HITPOINT WARNING * * *
You slash the scorpion!
The scorpion is almost dead.
You die...

#.......###.#
.##.#......#
# #.#.######
#.##.#.#
#......#
####.### #.#
#.# #@# #s#
#.# #.# #.#
#.# #.# ...


You could see a scorpion.

Vanquished Creatures
  3 adders
  A worm (D:3)
  A dart slug (D:1)
  An orc (D:5)
  An endoplasm (D:1)
  3 giant cockroaches
  3 hobgoblins
  3 jackals (D:1)
  A kobold (D:3)
  A quokka (D:2)
  A ball python (D:1)
  A bat (D:1)
  A frilled lizard (D:1)
  2 goblins (D:1)
  2 rats (D:1)
25 creatures vanquished.

Notes
Turn   | Place    | Note
-------+----------+-------------------------------------------
     0 | D:1      | fotan the Ogre Berserker began the quest for the Orb.
     0 | D:1      | Reached XP level 1. HP: 24/24 MP: 1/1
   113 | D:1      | Reached XP level 2. HP: 29/32 MP: 2/2
   218 | D:2      | Reached XP level 3. HP: 25/40 MP: 3/3
   737 | D:3      | You fall into a shaft and drop 2 floors!
   737 | D:5      | Entered Level 5 of the Dungeon
   747 | D:5      | Reached XP level 4. HP: 44/49 MP: 4/4
   765 | D:5      | Noticed a scorpion
   775 | D:5      | HP: 2/73 [scorpion (5)]
   776 | D:5      | Succumbed to a scorpion's poison

Illustrated notes

Levels and vault maps discovered:
D:1:      roderic_octagonal_star, layout_rooms, dreamdust_ecumenical_altar_grove
D:2:      layout_loops_corners
D:3:      layout_loops_corners, nicolae_tso_besieged_by_evil, serial_rivers,
          chequers_serial_rivers_micro_a, chequers_serial_rivers_marsh,
          chequers_serial_rivers_large_a, chequers_serial_rivers_small_a,
          chequers_serial_rivers_small_3, chequers_serial_rivers_marsh
D:5:      layout_loops_cross, minmay_holes, uniq_sigmund

Skill      XL: |  1  2 |
---------------+-------+-----
Dodging        | 3 |  3.5
Fighting       | |  4.7
Axes           | |  3.5

Action                   |  1- 3 |  4- 6 || total
-------------------------+-------+-------++-------
Melee: Hand axe          |    60 |     6 ||    66
       Punch             |     2 |       ||     2
Invok: Berserk           |       |     1 ||     1
  Use: Scroll            |     3 |       ||     3
       Potion            |     4 |       ||     4
Armor: Animal skin       |    14 |       ||    14
Dodge: Dodged            |    21 |     1 ||    22
